 Dungeon Crawl Stone Soup version 0.29-a0-323-g050149af67 (webtiles) character file.

Game seed: 438403545789231364

1677 dianekeaton the Cleaver (level 9, -3/70 HPs)
             Began as a Hill Orc Fighter on Apr 11, 2022.
             Succumbed to a killer bee's poison
             ... on level 6 of the Dungeon.
             The game lasted 00:13:53 (5194 turns).

dianekeaton the Cleaver (Hill Orc Fighter)          Turns: 5194, Time: 00:13:53

Health: -3/70      AC: 10    Str: 21    XL:     9   Next: 1%
Magic:  9/9        EV:  9    Int:  8    God:
Gold:   230        SH:  4    Dex: 12    Spells: 8/8 levels left

rFire   . . .      SeeInvis .   a - +0 war axe (freeze)
rCold   . . .      Faith    .   c - +0 buckler
rNeg    . . .      Spirit   .   b - +0 scale mail
rPois   .          Reflect  .   (no helmet)
rElec   .          Harm     .   i - +1 cloak
rCorr   .          Rampage  .   (no gloves)
Will    .....                   p - +0 pair of boots
Stlth   ..........              (no amulet)
HPRegen 0.21/turn               f - +4 ring of slaying
MPRegen 0.11/turn               (no ring)

@: lethally poisoned (-3 -> -22)
A: no striking features
a: no special abilities


You were on level 6 of the Dungeon.
You visited 1 branch of the dungeon, and saw 6 of its levels.

You collected 326 gold pieces.
You spent 96 gold pieces at shops.

Inventory:

Hand Weapons
 a - a +0 war axe of freezing (weapon)
 l - a +2 mace of holy wrath
Missiles
 m - 4 poisoned darts (quivered)
Armour
 b - a +0 scale mail (worn)
 c - a +0 buckler (worn)
 i - a +1 cloak (worn)
 p - a +0 pair of boots (worn)
Jewellery
 f - a +4 ring of slaying (left hand)
Wands
 t - a wand of iceblast (9)
Scrolls
 j - 8 scrolls of identify
 s - 4 scrolls of amnesia
 v - a scroll of brand weapon
 w - a scroll of enchant weapon {unknown}
Potions
 d - 2 potions of resistance {unknown}
 e - a potion of lignification
 g - a potion of magic {unknown}
 h - 2 potions of attraction
 k - a potion of flight
 n - 2 potions of degeneration
 q - 2 potions of mutation


   Skills:
 - Level 3.6 Fighting
 + Level 14.2 Axes
 + Level 1.4 Throwing
 - Level 3.2 Armour
 - Level 3.2 Shields


You had 8 spell levels left.
You didn't know any spells.
Your spell library contained the following spells:

 Spells                   Type           Power      Damage    Failure   Level
 Corpse Rot               Necr/Air       0%         N/A       93%         2
 Ensorcelled Hibernation  Hex/Ice        0%         N/A       93%         2
 Passwall                 Tmut/Erth      0%         N/A       93%         2
 Poisonous Vapours        Pois/Air       0%         N/A       93%         2
 Ozocubu's Armour         Ice            0%         N/A       99%         3
 Swiftness                Air            0%         N/A       99%         3
 Conjure Ball Lightning   Conj/Air       0%         3x3d6     100%        6
 Ozocubu's Refrigeration  Ice            0%         4d5       100%        7
 Discord                  Hex            0%         N/A       100%        8
 Disjunction              Tloc           0%         N/A       100%        8


Dungeon Overview and Level Annotations

Branches:
Dungeon (6/15)
 Temple: D:4-7

Altars:
Xom

Shops:
D:2 =!(   D:4 =   D:6 ?


Message History

You are poisoned.
The killer bee poisons you!
The killer bee stings you but does no damage.
The killer bee closely misses you.
The killer bee stings you but does no damage. x2
The killer bee stings you.
* * * LOW HITPOINT WARNING * * *
You are more poisoned.
The killer bee poisons you!
As you read the scroll of fog, it crumbles to dust.
The scroll dissolves into smoke.
You feel very sick.
The killer bee stings you but does no damage. x4
The killer bee stings you.
* * * LOW HITPOINT WARNING * * *
The killer bee stings you but does no damage. x2
The killer bee closely misses you.
You slice the killer bee!! You freeze the killer bee.
You kill the killer bee!
You barely miss the killer bee. x3; You feel sick.
The killer bee stings you.
* * * LOW HITPOINT WARNING * * *
You are lethally poisoned!
The killer bee poisons you! The killer bee barely misses you.
The killer bee stings you but does no damage.
You have reached level 9!
Your experience leads to an increase in your attributes!
Increase (S)trength, (I)ntelligence, or (D)exterity?
You feel agile. x2
The killer bee attacks as you move away!
The killer bee misses you.
The killer bee attacks as you move away!
The killer bee barely misses you.
* * * LOW HITPOINT WARNING * * *
You feel very sick. The killer bee closely misses you.
The killer bee barely misses you. The killer bee stings you.
* * * LOW HITPOINT WARNING * * *
You are more poisoned.
The killer bee poisons you!
You die...

..##.##.. ........ # ...## ..####
.. #... .. .. ..... ...####.
##..... ... #.... .........
##...#. ..###...# .....#
#.##.(... ##### .....#
..##.###.......#####...#####...#
.###..<........'....._.....'...##
.........>.....#####...#####.....
........#......§@§y#####$.......#
.......##.......#yyO§......)....#
.......##..#....#§§§§.....#.##.##
.....#..#..##)..§§§§§....##.#....
.......#.................##yy.##.
.......##.........)......##.#.# .
.....#..#................#..#.O.
.....#.....#................#.#.#
..........###.#..#.#.....#.#..#..


You could see 3 killer bees.

Vanquished Creatures
  Sigmund (D:6)
  Eustachio (D:5)
  2 ogres (D:5)
  A black bear (D:6)
  4 phantoms
  2 bullfrogs (D:6)
  2 scorpions (D:5)
  A necrophage (D:6)
  A killer bee (D:6)
  A howler monkey (D:5)
  A hound (D:4)
  2 jellies
  An iguana (D:5)
  2 orc wizards
  Robin (D:3)
  12 adders
  A shadow imp (D:6)
  A white imp (D:5)
  An ufetubus (D:5)
  3 worms
  A dart slug (D:4)
  10 orcs
  6 ball pythons
  11 endoplasms
  8 giant cockroaches
  19 goblins
  7 hobgoblins
  4 jackals
  2 quokkas
  8 bats
  2 frilled lizards
  9 kobolds
  6 rats
  A spectral kobold (D:1)
135 creatures vanquished.

Vanquished Creatures (others)
  A goblin (D:3)
1 creature vanquished.

Grand Total: 136 creatures vanquished

Notes
Turn   | Place    | Note
-------+----------+-------------------------------------------
     0 | D:1      | dianekeaton the Hill Orc Fighter began the quest for the
                  | Orb.
     0 | D:1      | Reached XP level 1. HP: 19/19 MP: 1/1
   121 | D:1      | Reached skill level 3 in Axes
   220 | D:1      | Reached XP level 2. HP: 26/26 MP: 2/2
   389 | D:1      | Found a faded altar of an unknown god.
   437 | D:1      | Reached skill level 4 in Axes
   867 | D:2      | Reached XP level 3. HP: 25/31 MP: 3/3
   979 | D:2      | Reached skill level 5 in Axes
  1093 | D:2      | Reached XP level 4. HP: 39/39 MP: 4/4
  1112 | D:2      | Found Nocrofad's Jewellery Boutique.
  1268 | D:2      | Reached skill level 6 in Axes
  1414 | D:2      | Found Hepp's Antique Weapon Boutique.
  1436 | D:2      | Found Liel's Distillery.
  1512 | D:2      | Bought a potion of mutation for 96 gold pieces
  2020 | D:3      | Reached XP level 5. HP: 45/45 MP: 5/5
  2134 | D:3      | Reached skill level 7 in Axes
  2182 | D:3      | Noticed Robin
  2377 | D:3      | Killed Robin
  2941 | D:4      | Found Ziomaimp's Jewellery Emporium.
  2976 | D:4      | Reached skill level 8 in Axes
  2976 | D:4      | Reached XP level 6. HP: 41/51 MP: 6/6
  3256 | D:4      | Reached skill level 9 in Axes
  3320 | D:4      | Reached XP level 7. HP: 54/57 MP: 7/7
  3761 | D:5      | Entered Level 5 of the Dungeon
  3800 | D:5      | Reached skill level 10 in Axes
  3830 | D:5      | Noticed Eustachio
  3843 | D:5      | Killed Eustachio
  3844 | D:5      | Reached skill level 11 in Axes
  3978 | D:5      | Reached XP level 8. HP: 49/64 MP: 8/8
  4119 | D:5      | Reached skill level 12 in Axes
  4777 | D:6      | Reached skill level 13 in Axes
  4784 | D:6      | Noticed Sigmund
  4791 | D:6      | Killed Sigmund
  4792 | D:6      | Reached skill level 1 in Throwing
  5092 | D:6      | Reached skill level 14 in Axes
  5148 | D:6      | Found Fakho's Magic Scroll Boutique.
  5149 | D:6      | Found a shimmering altar of Xom.
  5193 | D:6      | Reached XP level 9. HP: 12/70 MP: 9/9
  5193 | D:6      | HP: 2/70 [killer bee (6)]
  5194 | D:6      | Succumbed to a killer bee's poison

Illustrated notes

Levels and vault maps discovered:
D:1:      roderic_dead_forest, layout_basic,
          dreamdust_ecumenical_altar_drowned_temple
D:2:      layout_basic, serial_shops, nicolae_shop_behind_doors, shop,
          nicolae_shop_behind_doors
D:3:      minmay_roachtagon, layout_rooms, hangedman_abyss_or_decor_stabs,
          uniq_robin
D:4:      layout_basic, serial_glass, glass_columns_a, glass_columns_c,
          glass_columns_a, glass_columns_a, glass_columns_a, glass_columns_a,
          serial_shops, nicolae_take_the_stairs
D:5:      layout_cave_pools, uniq_eustachio
D:6:      layout_cave_pools, mainiacjoe_overflow_surrounded_room,
          nicolae_overflow_squiral, serial_glass, glass_columns_a,
          glass_columns_b, glass_columns_a, glass_columns_a, feat_on_display,
          serial_shops, shop_statue, nicolae_concentric_dashed_squares_wild,
          uniq_maggie, uniq_sigmund

Skill      XL: |  1  2  3  4  5  6  7  8 |
---------------+-------------------------+-----
Axes           | 3 4 5 6 8 9 11 14 | 14.2
Throwing       | 1 |  1.4
Fighting       | |  3.6
Armour         | |  3.2
Shields        | |  3.2

Action                   |  1- 3 |  4- 6 |  7- 9 || total
-------------------------+-------+-------+-------++-------
Melee: War axe           |    79 |   166 |    95 ||   340
Throw: Dart              |       |       |    12 ||    12
  Use: Scroll            |     4 |     6 |     1 ||    11
       Potion            |       |     2 |     4 ||     6
Armor: Scale mail        |    34 |   114 |    56 ||   204
Dodge: Dodged            |    31 |    73 |    61 ||   165
Block: Buckler           |    14 |    43 |    15 ||    72

Table legend: (Time is in decaauts)
 A = Elapsed time spent in this place.
 B = Non-inter-level travel time spent in this place.
 C = Inter-level travel time spent in this place.
 D = Time resting spent in this place.
 E = Time spent auto-exploring this place.
 F = Levels seen in this place.
 G = Mean time per level.
                   A        B        C        D        E       F      G
               +--------+--------+--------+--------+--------+-----+--------+
         Total |   5255 |   5190 |     65 |   1387 |   2436 |   6 |  875.8 |
       Dungeon |   5255 |   5190 |     65 |   1387 |   2436 |   6 |  875.8 |
               +--------+--------+--------+--------+--------+-----+--------+

Top non-repeatable levels by time:
     D:2: 1299 daAuts
     D:5: 953 daAuts
     D:3: 878 daAuts
     D:4: 843 daAuts
     D:1: 804 daAuts
     D:6: 475 daAuts
